 Dungeon Crawl Stone Soup version 0.31-a0-1082-g7d1fb776a8 (webtiles) character file.

Game seed: 3226360570385584449

54504 Turgor the Mimic (level 14, -2/199 HPs)
             Began as a Troll Shapeshifter on Nov 27, 2023.
             Was an Initiate of Gozag.
             Slain by a meliai
             ... wielding a +0 broad axe
              (5 damage)
             ... in a Gauntlet.
             The game lasted 01:04:22 (13541 turns).

Turgor the Mimic (Troll Shapeshifter)              Turns: 13541, Time: 01:04:24

Health: -2/199     AC: 34    Str: 25    XL:     14   Next: 34%
Magic:  13/13      EV:  1    Int:  6    God:    Gozag
Gold:   2267       SH:  0    Dex: 25    Spells: 13/13 levels left

rFire   . . .        o - +10 dagger of the Pit {protect, Will++ rCorr SInv Stlth-}
rCold   . . .        (no shield)
rNeg    . . .        G - melded +1 troll leather armour
rPois   +            f - melded +0 hat
rElec   .            F - melded +0 cloak {rCorr}
rCorr   +            (gloves unavailable)
SInv    +            (boots unavailable)
Will    +++..        (no amulet)
Stlth   +            L - +6 ring of dexterity
HPRegen 1.33/turn    D - +6 ring of dexterity
MPRegen 0.13/turn

%: no teleportation
@: tree-form, gold aura, under a protective aura
A: stationary, stasis, torment immunity, boosted hp, large, unfitting armour,
(claws 3), regeneration 1, (shaggy fur 1), (tough skin 1)
a: Renounce Religion, Potion Petition, Call Merchant, Bribe Branch


You were in a Gauntlet.
You worshipped Gozag.
Gozag was most pleased with you.
You were a tree.
You visited 3 branches of the dungeon, and saw 15 of its levels.
You also visited: Sewer, Bailey and Gauntlet.

You collected 3042 gold pieces.
You spent 732 gold pieces at shops.
You paid 43 gold pieces to Gozag.

Inventory:

Hand Weapons
 o - the +10 dagger of the Pit (weapon) {protect, Will++ rCorr SInv Stlth-}
   (You took it off a goblin on level 2 of the Dungeon)

   Will++:    It greatly increases your willpower.
   SInv:      It lets you see invisible.
   rCorr:     It protects you from acid and corrosion.
   Stlth-:    It makes you less stealthy.
 u - a +0 sling of flaming
 w - the +6 whip "Beetleslayer" {protect, rPois Dex+3}
   (You found it on level 6 of the Dungeon)

   Dex+3:     It affects your dexterity (+3).
   rPois:     It protects you from poison
Missiles
 i - 4 curare-tipped darts
 j - 9 poisoned darts (quivered)
 E - 25 javelins
Armour
 a - a +0 animal skin
 f - a +0 hat (melded)
 F - a +0 cloak of preservation (melded)
 G - a +1 troll leather armour (melded)
Jewellery
 D - a +6 ring of dexterity (right branch)
 L - a +6 ring of dexterity (left branch)
Talismans
 c - a beast talisman
 d - a flux talisman (active)
 q - a maw talisman
Wands
 I - a wand of flame (2)
Scrolls
 h - a scroll of teleportation
 l - 6 scrolls of enchant weapon
 s - 3 scrolls of enchant armour
 y - a scroll of immolation {unknown}
 A - 2 scrolls of fog
 C - a scroll of brand weapon {unknown}
 O - a scroll of identify
 P - a scroll of poison
Potions
 b - 2 potions of cancellation
 e - a potion of haste
 g - a potion of ambrosia
 k - 2 potions of mutation
 m - a potion of resistance
 n - 4 potions of curing
 v - 2 potions of invisibility
 x - a potion of brilliance
 H - 2 potions of enlightenment
 K - a potion of might {unknown}
Miscellaneous
 M - a phial of floods


   Skills:
 + Level 7.6 Fighting
 + Level 5.6 Throwing
 + Level 7.8 Dodging
 - Level 9.0 Unarmed Combat
 + Level 8.7 Evocations
 + Level 12.5 Shapeshifting


You had 13 spell levels left.
You didn't know any spells.
Your spell library contained the following spells:

 Spells                   Type           Power      Damage    Failure   Level
 Kiss of Death            Conj/Necr      0%         2d5       45%         1
 Magic Dart               Conj           0%         1d3       45%         1
 Call Imp                 Summ           0%         N/A       58%         2
 Confusing Touch          Hex            0%         N/A       83%         3
 Mephitic Cloud           Conj/Pois/Air  0%         N/A       83%         3
 Dispel Undead            Necr           0%         3d6       99%         4
 Manifold Assault         Tloc           0%         N/A       99%         4
 Dispersal                Tloc           0%         N/A       100%        6
 Disjunction              Tloc           0%         N/A       100%        8


Dungeon Overview and Level Annotations

Branches:
Dungeon (12/15)            Temple (1/1) D:4            Lair (2/5) D:8
    Orc (0/2) D:11          Sewer (visited)          Bailey (visited)
Gauntlet (1/1)
  Swamp: Lair:2-3    Shoals: Lair:2-3     Snake: Lair:2-3    Spider: Lair:2-3

Altars:
Ashenzari
Cheibriados
Elyvilon
Fedhas
Gozag
Hepliaklqana
Kikubaaqudgha
Makhleb
Nemelex Xobeh
Okawaru
Qazlal
Ru
Sif Muna
Trog
Uskayaw
Vehumet
Wu Jian
Xom
Yredelemnul
Zin
The Shining One
Jiyva
Lugonu

Shops:
D:1 [   D:7 *

Portals:
Abyss: Lair:1

Annotations:
D:9 3 runed translucent doors, PanSaczeczos's ghost, novice MiHu
D:12 Urug Gauntlet 5 transporters


Innate Abilities, Weirdness & Mutations

You are a tree.
Your roots penetrate the ground, keeping you stationary.
You cannot be teleported.
You are immune to unholy pain and torment.
Your maximum health is greatly increased.
Your equipment is partially melded.
You are too large for most types of armour.
((You have claws for hands.))
Your natural rate of healing is unusually fast.
((You are covered in fur. (AC +1)))
((You have tough skin. (AC +1)))


Message History

You hit the meliai.
The meliai is severely wounded.
The meliai calls upon its god to heal the meliai.
The meliai's wounds heal themselves!
The meliai mumbles some strange prayers to its god against you.
Something smites you!
* * * LOW HITPOINT WARNING * * *
The meliai hits you but does no damage.
The meliai stings you but does no damage.
The meliai hits you but does no damage.
The meliai stings you but does no damage.
The meliai hits you but does no damage.
The meliai stings you but does no damage.
You puncture the meliai!
You kill the meliai!
The meliai hits you with a +0 broad axe.
* * * LOW HITPOINT WARNING * * *
The meliai stings you.
* * * LOW HITPOINT WARNING * * *
The meliai hits you but does no damage.
The meliai stings you but does no damage.
The meliai is distracted by your dazzling golden aura.
The meliai hits you but does no damage.
The meliai stings you but does no damage.
Unknown command.
You barely miss the meliai.
The meliai is no longer distracted by gold.
The meliai buzzes angrily.
The meliai is heavily wounded.
The meliai seems to regain its courage.
The meliai hits you with a +0 broad axe!
* * * LOW HITPOINT WARNING * * *
The meliai stings you.
* * * LOW HITPOINT WARNING * * *
The meliai hits you with a +0 hand axe!
* * * LOW HITPOINT WARNING * * *
The meliai stings you but does no damage.
The meliai hits you with a +0 broad axe.
You die...
Your body crumbles into a pile of gold.

## ### ### ### ### ### ##
.###≈###≈###≈###≈###≈###≈##
..#≈≈≈#≈≈≈#≈≈≈#≈≈≈#≈≈≈#≈≈≈#
........................≈#
#####################...##
#.......#8©8###..§..#...≈##
#.###.#.#...####§##!#...≈≈#
#..#....#...#§§§§##=#...≈##
##.#©#.©#©.©#.#§♣.#©#...##
##...#.[#####.##yy§§#...≈##
###.###[#...#.##§####...≈≈#
#.......#.8.#.....###...≈##
#########...#########...##
........................≈#
≈≈#≈≈≈#≈≈≈#≈≈≈#≈≈≈#≈≈≈#≈≈≈#
≈###≈###≈###≈###≈###≈###≈##
## ### ### ### ### ### ##


You could see 2 meliai.

Vanquished Creatures
  A great orb of eyes (Gauntlet)
  3 two-headed ogres
  A boulder beetle (D:11)
  6 death yaks (Lair:1)
  An arcanist (Gauntlet)
  A worldbinder (Gauntlet)
  2 ugly things
  A manticore (D:11)
  2 black mambas
  Joseph (Lair:1)
  A gargoyle (D:11)
  A cane toad (Lair:1)
  A rime drake (D:8)
  A troll (D:11)
  A meliai (Gauntlet)
  A polar bear (D:8)
  2 slime creatures (Gauntlet)
  2 shadows
  A vampire (D:9)
  A wraith (D:11)
  5 wyverns
  36 yaks
  4 vampire mosquitoes (D:11)
  A steam dragon (D:6)
  An acid dragon (D:10)
  3 water moccasins
  14 orc warriors
  3 ice beasts (D:8)
  A black bear (D:4)
  3 ogres
  A boggart (Gauntlet)
  A wolf (D:8)
  9 centaurs
  2 kobold brigands (D:8)
  2 phantoms
  5 bullfrogs
  4 scorpions (D:5)
  10 wights (D:8)
  4 killer bees (D:9)
  An electric eel (D:8)
  4 howler monkeys
  4 orc priests
  2 jellies
  4 hounds
  2 iguanas
  A sleepcap (D:6)
  5 orc wizards
  2 gnolls (D:3)
  15 adders
  2 river rats (Sewer)
  4 shadow imps
  3 white imps
  2 ufetubi (D:6)
  4 worms
  A dart slug (D:4)
  44 orcs
  2 bats
  6 endoplasms
  6 giant cockroaches
  12 goblins
  3 hobgoblins
  5 jackals
  12 kobolds
  2 quokkas (D:2)
  16 ball pythons
  2 frilled lizards
  32 rats
  A lurking horror (Lair:1)
339 creatures vanquished.

Vanquished Creatures (collateral kills)
  An orc warrior (Bailey)
  2 centaurs (Bailey)
  2 killer bees (D:6)
  3 orcs (Bailey)
8 creatures vanquished.

Vanquished Creatures (others)
  A boggart (Gauntlet)
  2 centaurs (Bailey)
  A killer bee (D:6)
  A lurking horror (Lair:1)
5 creatures vanquished.

Grand Total: 352 creatures vanquished

Notes
Turn   | Place    | Note
-------+----------+-------------------------------------------
     0 | D:1      | Turgor the Troll Shapeshifter began the quest for the Orb.
     0 | D:1      | Reached XP level 1. HP: 18/18 MP: 0/0
    31 | D:1      | Found Evanesets's Antique Armour Shoppe.
   107 | D:1      | Reached skill level 1 in Fighting
   226 | D:1      | Reached XP level 2. HP: 27/27 MP: 1/1
   703 | D:2      | Reached XP level 3. HP: 33/33 MP: 2/2
   732 | D:2      | Identified the +10 dagger of the Pit {protect, Will++ rCorr
                  | SInv Stlth-}
  1246 | D:3      | Reached skill level 4 in Shapeshifting
  1322 | D:3      | Reached XP level 4. HP: 39/41 MP: 3/3
  1757 | D:3      | Reached XP level 5. HP: 48/48 MP: 4/4
  1934 | D:3      | Reached skill level 5 in Shapeshifting
  1964 | D:3      | Noticed an ogre
  2061 | D:3      | Killed an ogre
  2062 | D:3      | Reached skill level 6 in Shapeshifting
  2062 | D:3      | Reached XP level 6. HP: 55/55 MP: 5/5
  2534 | D:4      | Found a staircase to the Ecumenical Temple.
  2543 | D:4      | Reached skill level 7 in Shapeshifting
  2551 | Temple   | Entered the Ecumenical Temple
  2557 | Temple   | Became a worshipper of Gozag Ym Sagoz the Greedy
  2590 | D:4      | Reached XP level 7. HP: 43/62 MP: 6/6
  3436 | D:5      | Entered Level 5 of the Dungeon
  3535 | D:4      | Reached skill level 8 in Shapeshifting
  3881 | D:5      | Reached XP level 8. HP: 70/70 MP: 7/7
  4677 | D:6      | Identified the +6 whip "Beetleslayer" {protect, rPois
                  | Dex+3}
  4829 | D:6      | Found a glowing drain.
  4838 | D:6      | Reached skill level 9 in Shapeshifting
  4842 | Sewer    | Entered a sewer
  5576 | D:6      | Found a sacrificial altar of Ru.
  5585 | D:6      | Found a shimmering altar of Xom.
  6113 | D:7      | Reached XP level 9. HP: 71/81 MP: 8/8
  6123 | D:7      | Found a flagged portal.
  6217 | D:6      | Reached skill level 5 in Unarmed Combat
  6289 | Bailey   | Entered a bailey
  6528 | Bailey   | Reached skill level 10 in Shapeshifting
  7405 | Bailey   | Reached XP level 10. HP: 56/94 MP: 9/9
  7811 | D:1      | Bought a glowing cloak for 202 gold pieces
  7811 | D:1      | Bought a glowing troll leather armour for 486 gold pieces
  8051 | D:7      | Found Jeivi's Fire Supplies.
  8058 | D:7      | Bought a wand of flame (4) for 44 gold pieces
  8140 | D:7      | Reached skill level 5 in Dodging
  8476 | D:9      | Reached skill level 5 in Fighting
  8476 | D:9      | Reached skill level 11 in Shapeshifting
  8640 | D:9      | Found a runed translucent gate.
  8640 | D:9      | Found a runed translucent gate.
  8641 | D:9      | Found a runed translucent gate.
  8642 | D:9      | Noticed PanSaczeczos's ghost (novice MiHu)
  8645 | D:9      | Found a viscous altar of Jiyva.
  8899 | D:8      | Found an ornate altar of the Wu Jian Council.
  9111 | D:8      | Found a staircase to the Lair.
  9165 | D:8      | Noticed a two-headed ogre
  9234 | D:8      | Killed a two-headed ogre
  9235 | D:8      | Reached XP level 11. HP: 11/105 MP: 10/10
  9736 | D:8      | Noticed a two-headed ogre
  9742 | D:8      | Killed a two-headed ogre
 10209 | D:9      | Found a radiant altar of Vehumet.
 10605 | D:9      | Found an ancient bone altar of Kikubaaqudgha.
 10610 | D:9      | Found a bloodstained altar of Trog.
 10716 | D:10     | Entered Level 10 of the Dungeon
 10939 | D:10     | Found a glowing silver altar of Zin.
 10962 | D:10     | Found a basalt altar of Yredelemnul.
 10967 | D:10     | Identified the +0 leather armour "Kuideh" {*Slow rC+ Regen+
                  | Int+3}
 10994 | D:10     | Found a broken altar of Ashenzari.
 11209 | D:10     | Noticed a two-headed ogre
 11291 | D:10     | Killed a two-headed ogre
 11327 | D:10     | Found a stormy altar of Qazlal.
 11421 | D:11     | Noticed a green ugly thing
 11426 | D:11     | Reached skill level 1 in Evocations
 11438 | D:11     | Killed a purple ugly thing
 11465 | D:11     | Reached skill level 1 in Throwing
 11496 | D:11     | Reached skill level 12 in Shapeshifting
 11798 | D:11     | Found a staircase to the Orcish Mines.
 11867 | D:11     | Noticed a boulder beetle
 11886 | D:11     | Killed a boulder beetle
 11887 | D:11     | Reached XP level 12. HP: 118/118 MP: 11/11
 11978 | D:11     | Reached XP level 13. HP: 124/124 MP: 12/12
 11979 | D:11     | Reached XP level 14. HP: 133/133 MP: 13/13
 11989 | D:12     | Noticed Urug
 12052 | Lair:1   | Entered Level 1 of the Lair of Beasts
 12585 | Lair:1   | Noticed Joseph
 12601 | Lair:1   | Killed Joseph
 12602 | Lair:1   | Reached skill level 5 in Throwing
 12859 | Lair:1   | Found a one-way gate to the infinite horrors of the Abyss.
 12860 | Lair:1   | Found a corrupted altar of Lugonu.
 13246 | Lair:2   | Found a gate leading to a gauntlet.
 13255 | Gauntlet | Entered a Gauntlet
 13255 | Gauntlet | Found a transporter.
 13263 | Gauntlet | Found a transporter.
 13266 | Gauntlet | Found a transporter.
 13267 | Gauntlet | Found a transporter.
 13275 | Gauntlet | Found a transporter.
 13278 | Gauntlet | Found a transporter.
 13279 | Gauntlet | Found a transporter.
 13290 | Gauntlet | Found a transporter.
 13290 | Gauntlet | Found a transporter.
 13291 | Gauntlet | Found a transporter.
 13299 | Gauntlet | Found a transporter.
 13302 | Gauntlet | Found a transporter.
 13303 | Gauntlet | Found a transporter.
 13316 | Gauntlet | Found a transporter.
 13511 | Gauntlet | Identified the -2 pair of boots of Negation {rPois}
 13541 | Gauntlet | HP: 3/199 [meliai/+0 hand axe (10)]
 13541 | Gauntlet | Slain by a meliai

Illustrated notes

Levels and vault maps discovered:
D:1:      dpeg_arrival_arbitrary_c, layout_rooms, serial_shops,
          nicolae_shop_overgrown_old_shop
D:2:      layout_basic, chequers_decorated_corner
D:3:      minmay_diamond_boxcup, layout_basic, nicolae_overflow_hidden_temple
D:4:      layout_gridville, minmay_temple_entry_tees, serial_co_window_serial,
          co_window_paths_a, co_window_of_opportunity_a, co_window_paths_a,
          co_window_corner_a, co_window_corner_a, co_window_of_opportunity_a,
          co_window_paths_a, co_window_corner_cb, co_window_paths_c,
          co_window_of_opportunity_b, co_window_corner_b, co_window_broadway_b,
          co_window_broadway_b, co_window_paths_e, glass_columns_b
D:5:      layout_layer_cave
D:6:      layout_loops_ring, mainiacjoe_overflow_catwalk_spiral,
          cheibrodos_sewer_entry_bend
D:7:      layout_rooms, enter_bailey_5, nicolae_shop_fire_sale
          [nicolae_sub_dead_trees]
D:8:      layout_gridville, nicolae_wu_jian_wuxing_cycle,
          hellmonk_lair_entry_icy, serial_bayou_pond_b
D:9:      layout_rooms, mainiacjoe_overflow_alcove_1, minitemple,
          gammafunk_ghost_ooze
D:10:     layout_small_grid, mainiacjoe_overflow_cross_hatched,
          kennysheep_little_box, zin_statuary, lemuel_coloured_pillars_altar
D:11:     layout_cave_pools
D:12:     layout_rooms, hangedman_parallel_progression, uniq_jorgrun,
          uniq_nessos, uniq_snorg, uniq_urug
Temple:   nicolae_temple_bog_church
Lair:1:   layout_gridlike, amcnicky_altar_lugonu_corruption,
          infiniplex_staircase_pool_2, uniq_joseph
Lair:2:   layout_regular_city, elwin_shoals_entry_rooms,
          guppyfry_snake_entry_garden, gauntlet_entry_generic
Gauntlet: gammafunk_gauntlet_77_escape_option
          [minmay_gauntlet_arena_77_squiggly, minmay_gauntlet_arena_77_museum,
          minmay_gauntlet_arena_77_double_cross,
          minmay_gauntlet_arena_77_broken_ladder,
          minmay_gauntlet_arena_77_p_blocks,
          nicolae_gauntlet_exit_dead_adventurers]

Skill      XL: |  1  2  3  4  5  6  7  8  9 10 11 12 13 14 |
---------------+-------------------------------------------+-----
Fighting       | 1 3 4 5 7 |  7.6
Dodging        | 2 3 4 6 7 |  7.8
Shapeshifting  | 4 6 7 8 9 10 11 12 | 12.5
Unarmed Combat | 4 6 7 9 |  9.0
Evocations     | 2 6 8 |  8.7
Throwing       | 2 4 5 |  5.6

Action                     |  1- 3 |  4- 6 |  7- 9 | 10-12 | 13-15 || total
---------------------------+-------+-------+-------+-------+-------++-------
  Melee: Unarmed           |    63 |   101 |   295 |   105 |   158 ||   722
         Punch             |     1 |     3 |     7 |    14 |     5 ||    30
         Dagger            |       |       |   121 |   283 |    40 ||   444
         Maw               |       |       |    42 |   123 |       ||   165
  Throw: Dart              |       |     6 |     6 |     9 |       ||    21
  Evoke: Wand              |       |       |    26 |    18 |       ||    44
    Use: Scroll            |       |       |    14 |     5 |     7 ||    26
         Potion            |       |       |     4 |     6 |     9 ||    19
   Stab: Sleeping          |     2 |       |       |       |       ||     2
         Distracted        |       |       |     2 |       |     1 ||     3
 Armour: Animal skin       |    26 |    59 |   180 |       |       ||   265
         Skin              |       |       |   161 |   217 |   126 ||   504
         Troll leather arm |       |       |       |    62 |    94 ||   156
  Dodge: Dodged            |    18 |    54 |   228 |   221 |   102 ||   623
   Form: Flux              |       |       |     1 |     2 |       ||     3
         Maw               |       |       |     1 |     1 |       ||     2

Table legend: (Time is in decaauts)
 A = Elapsed time spent in this place.
 B = Non-inter-level travel time spent in this place.
 C = Inter-level travel time spent in this place.
 D = Time resting spent in this place.
 E = Time spent auto-exploring this place.
 F = Levels seen in this place.
 G = Mean time per level.
                   A        B        C        D        E       F      G
               +--------+--------+--------+--------+--------+-----+--------+
         Total |  13479 |  12841 |    638 |    640 |   7935 |  18 |  748.8 |
       Dungeon |  10148 |   9524 |    624 |    320 |   6963 |  12 |  845.7 |
        Temple |     12 |      7 |      5 |      0 |      0 |   1 |   12.0 |
          Lair |   1146 |   1138 |      8 |     58 |    677 |   2 |  573.0 |
         Sewer |    508 |    508 |      0 |     37 |    119 |   1 |  508.0 |
        Bailey |   1385 |   1385 |      0 |    220 |    176 |   1 | 1385.0 |
      Gauntlet |    277 |    277 |      0 |      4 |      0 |   1 |  277.0 |
               +--------+--------+--------+--------+--------+-----+--------+

Top non-repeatable levels by time:
     D:8: 1509 daAuts
  Bailey: 1385 daAuts
     D:5: 1250 daAuts
     D:3: 1163 daAuts
     D:4: 1142 daAuts
  Lair:1: 1044 daAuts
     D:6: 986 daAuts
     D:9: 935 daAuts
     D:2: 788 daAuts
    D:10: 681 daAuts
     D:7: 621 daAuts
    D:11: 597 daAuts
   Sewer: 508 daAuts
     D:1: 469 daAuts
Gauntlet: 277 daAuts
